 Dungeon Crawl Stone Soup version 0.28.0-53-g5a82cb258f (webtiles) character file.

Game seed: 6076577752869703888

1094 PhantomBowie the Covered (level 8, -6/51 HPs)
             Began as a Gargoyle Fighter on June 3, 2022.
             Was an Initiate of Okawaru.
             Mangled by Maggie
             ... wielding a +2 vorpal morningstar
              (14 damage)
             ... on level 6 of the Dungeon.
             The game lasted 00:21:15 (5995 turns).

PhantomBowie the Covered (Gargoyle Fighter)         Turns: 5995, Time: 00:21:16

Health: -6/51      AC: 14    Str: 22    XL:     8   Next: 31%
Magic:  8/8        EV:  8    Int:  9    God:    Okawaru [......]
Gold:   242        SH: 10    Dex: 15    Spells: 7/7 levels left

rFire   + . .      SeeInvis .   a - +0 flail
rCold   . . .      Faith    .   r - +0 kite shield
rNeg    + . .      Spirit   .   b - +0 scale mail
rPois   ∞          Reflect  .   q - +0 helmet
rElec   +          Harm     .   (no cloak)
rCorr   .          Rampage  .   (no gloves)
Will    .....                   (no boots)
Stlth   ..........              (no amulet)
HPRegen 0.17/turn               e - +6 ring of dexterity
MPRegen 0.11/turn               B - ring of protection from fire

@: mesmerised
A: sickness immunity, AC +5, negative energy resistance 1, electricity
resistance, torment resistance 1, petrification resistance
a: Renounce Religion


You were on level 6 of the Dungeon.
You worshipped Okawaru.
Okawaru was noncommittal.
You visited 2 branches of the dungeon, and saw 7 of its levels.

You collected 242 gold pieces.

Inventory:

Hand Weapons
 a - a +0 flail (weapon)
Missiles
 d - 2 boomerangs
 l - 12 poisoned darts (quivered)
 s - a throwing net
 A - 4 silver javelins
Armour
 b - a +0 scale mail (worn)
 c - a +0 buckler
 q - a +0 helmet (worn)
 r - a +0 kite shield (worn)
 u - a +0 troll leather armour {Pargi}
Jewellery
 e - a +6 ring of dexterity (left hand)
 B - a ring of protection from fire (right hand)
Wands
 v - a wand of polymorph (3)
 C - a wand of acid (11)
Scrolls
 f - 6 scrolls of teleportation
 m - a scroll of enchant weapon
 n - a scroll of enchant armour {unknown}
 p - a scroll of magic mapping
 t - a scroll of silence {unknown}
 w - a scroll of noise {unknown}
 x - a scroll of amnesia {unknown}
 y - a scroll of summoning {unknown}
Potions
 h - a potion of magic
 i - 2 potions of mutation
 j - 3 potions of curing
 k - 2 potions of lignification
 o - 2 potions of brilliance
 z - a potion of invisibility {unknown}
 D - a potion of attraction {unknown}


   Skills:
 + Level 6.1 Fighting
 + Level 5.1 Maces & Flails
 + Level 6.2 Armour
 + Level 6.1 Shields


You had 7 spell levels left.
You didn't know any spells.
Your spell library contained the following spells:

 Spells                   Type           Power      Damage    Failure   Level
 Summon Small Mammal      Summ           Unusable   N/A       N/A         1
 Call Canine Familiar     Summ           Unusable   N/A       N/A         3
 Summon Guardian Golem    Hex/Summ       Unusable   N/A       N/A         3

Dungeon Overview and Level Annotations

Branches:
Dungeon (6/15)             Temple (1/1) D:5

Altars:
Ashenzari
Cheibriados
Elyvilon
Fedhas
Gozag
Hepliaklqana
Kikubaaqudgha
Makhleb
Nemelex Xobeh
Okawaru
Qazlal
Ru
Sif Muna
Trog
Uskayaw
Vehumet
Wu Jian
Xom
Yredelemnul
Zin
The Shining One

Shops:
D:2 *

Annotations:
D:6 1 transporter, Maggie


Innate Abilities, Weirdness & Mutations

You are immune to sickness and miasma.
Your stone body is resilient. (AC +5)
You are immune to poison.
You resist negative energy. (rN+)
You are resistant to electric shocks. (rElec)
You are resistant to unholy torment.
You are immune to petrification.


Message History

Maggie is lightly wounded.
You block Maggie's attack. x2
You sock Maggie!
Maggie is heavily wounded.
Maggie hits you with a +2 vorpal morningstar.
* * * LOW HITPOINT WARNING * * *
x2 You hit Maggie.
Maggie is heavily wounded.
Maggie mumbles some strange words.
Maggie draws you further into her thrall.
You hit Maggie but do no damage.
Maggie is heavily wounded.
Maggie hits you but does no damage. Maggie completely misses you.
You hit Maggie.
Maggie is severely wounded.
Maggie points at you and mumbles some strange words.
The bolt of fire hits you. You resist.
* * * LOW HITPOINT WARNING * * *
You barely miss Maggie.
Maggie is severely wounded.
Maggie casts a spell.
Maggie draws you further into her thrall.
You hit Maggie.
Maggie is severely wounded.
You block Maggie's attack.
Maggie mumbles some strange words.
Maggie draws you further into her thrall.
You hit Maggie but do no damage.
Maggie is severely wounded.
Maggie mumbles some strange words.
Maggie draws you further into her thrall.
You sock Maggie!
Maggie is almost dead.
Maggie points at you and mumbles some strange words.
The bolt of fire misses you.
You hit Maggie but do no damage.
Maggie is almost dead.
Maggie zaps a wand.
The puff of flame misses you.
Maggie hits you with a +2 vorpal morningstar!
You die...

#...#o≈...≈o
#...####+###
#...#P.)/[.P
#...#8P.©.P8
#...########
#.......©... ..#####
#...$@...... .......
#.@?...... .......
#.######## #......
#.# +...... #.#
###...... # #.#
#.+......
#.#.#######+#.#......
#.#...........<......
#.....###.....#######
#.....# #.....'......


You could see Maggie (mesmerising) and 2 orc priests.

Vanquished Creatures
  Eustachio (D:4)
  A sky beast (D:5)
  A black bear (D:4)
  Pargi (D:3)
  An ice beast (D:5)
  A phantom (D:4)
  A water moccasin zombie (D:5)
  2 hounds
  Natasha (thrice) (D:2)
  2 iguanas (D:4)
  A scorpion zombie (D:5)
  Robin (D:3)
  7 gnolls
  5 adders
  An ufetubus (D:4)
  An adder skeleton (D:4)
  3 worms
  5 dart slugs
  An orc (D:4)
  5 endoplasms
  A giant cockroach (D:3)
  10 goblins
  9 hobgoblins
  11 jackals
  6 quokkas
  7 ball pythons
  3 bats
  7 frilled lizards
  8 kobolds
  7 rats
113 creatures vanquished.

Notes
Turn   | Place    | Note
-------+----------+-------------------------------------------
     0 | D:1      | PhantomBowie the Gargoyle Fighter began the quest for the
                  | Orb.
     0 | D:1      | Reached XP level 1. HP: 14/14 MP: 1/1
   157 | D:1      | Reached XP level 2. HP: 19/19 MP: 2/2
   830 | D:1      | Reached XP level 3. HP: 21/24 MP: 3/3
  1509 | D:2      | Found a faded altar of an unknown god.
  1543 | D:2      | Noticed Natasha
  1582 | D:2      | Killed Natasha
  1583 | D:2      | Reached XP level 4. HP: 12/29 MP: 4/4
  1845 | D:2      | Noticed Natasha
  1860 | D:2      | Killed Natasha
  2053 | D:2      | Reached XP level 5. HP: 31/33 MP: 5/5
  2091 | D:2      | Noticed Natasha
  2255 | D:2      | Killed Natasha
  2504 | D:2      | Found Ydyistreg's General Store.
  2605 | D:3      | Noticed Robin
  2622 | D:3      | Killed Robin
  2915 | D:3      | Noticed Pargi
  3207 | D:3      | Killed Pargi
  3208 | D:3      | Reached XP level 6. HP: 13/39 MP: 6/6
  3449 | D:4      | Noticed Eustachio
  3466 | D:4      | Killed Eustachio
  3467 | D:4      | Reached skill level 5 in Fighting
  3467 | D:4      | Reached skill level 5 in Armour
  3467 | D:4      | Reached skill level 5 in Shields
  3467 | D:4      | Reached XP level 7. HP: 42/44 MP: 7/7
  3939 | D:4      | Found a white marble altar of Elyvilon.
  4655 | D:5      | Entered Level 5 of the Dungeon
  4679 | D:5      | Found a staircase to the Ecumenical Temple.
  4688 | Temple   | Entered the Ecumenical Temple
  4799 | Temple   | Became a worshipper of Warmaster Okawaru
  5195 | D:5      | Reached XP level 8. HP: 41/51 MP: 8/8
  5690 | D:5      | Reached skill level 5 in Maces & Flails
  5974 | D:6      | Found a transporter.
  5974 | D:6      | Noticed Maggie
  5995 | D:6      | Mangled by Maggie

Illustrated notes

Levels and vault maps discovered:
D:1:      tarquinn_simple_flora_water_e, layout_loops_corners,
          serial_co_window_serial, co_window_corner_a, co_window_corner_a,
          co_window_paths_a, co_window_paths_a, co_window_corner_a,
          co_window_corner_b, co_window_of_opportunity_c, co_window_2corner,
          co_window_unsneaky_path_d, co_window_4corner_b, co_window_sun,
          glass_columns_a, hangedman_abyss_or_decor_lesser_grid
D:2:      layout_loops_ring, chequers_ecumenical_altar_island, serial_shops,
          nicolae_shop_behind_doors, serial_park_tiny_2, uniq_natasha
D:3:      layout_basic, uniq_robin, uniq_pargi
D:4:      cheibrodos_helix_gallery, layout_cave_pools,
          mainiacjoe_overflow_chevrons, minmay_misc_feat_tiny,
          kennysheep_small_circle, uniq_eustachio
D:5:      layout_rooms, minmay_temple_entry_sparse_star, nicolae_sextant
D:6:      gammafunk_wand_slinger, layout_basic, lightli_sewer_entry_pipes,
          gammafunk_ghost_stat_death, uniq_menkaure, uniq_maggie
Temple:   mainiacjoe_temple_big_plus

Skill      XL: |  1  2  3  4  5  6  7  8 |
---------------+-------------------------+-----
Armour         | 4 5 6 |  6.2
Shields        | 4 5 6 |  6.1
Fighting       | 4 5 6 |  6.1
Maces & Flails | 3 4 5 |  5.1

Action                   |  1- 3 |  4- 6 |  7- 9 || total
-------------------------+-------+-------+-------++-------
Melee: Flail             |   134 |   118 |   182 ||   434
       Unarmed           |       |    14 |       ||    14
Throw: Dart              |       |     5 |       ||     5
  Use: Potion            |     1 |       |       ||     1
       Scroll            |       |     5 |     3 ||     8
Armor: Scale mail        |    65 |    52 |   105 ||   222
       Skin              |       |     3 |       ||     3
Dodge: Dodged            |    59 |    42 |    60 ||   161
Block: Buckler           |    27 |    19 |       ||    46
       Kite shield       |       |    28 |    91 ||   119
